 Dungeon Crawl Stone Soup version 0.27.0-1-g7a089689b8 (webtiles) character file.

Game seed: 17652768015383664708

67 butteredtoast the Caller (level 3, -4/19 HPs)
             Began as a Deep Elf Summoner on Aug 4, 2021.
             Killed by divine providence
             ... invoked by an orc priest
              (10 damage)
             ... on level 3 of the Dungeon.
             The game lasted 00:08:06 (3809 turns).

butteredtoast the Caller (Deep Elf Summoner)        Turns: 3809, Time: 00:08:07

Health: -4/19      AC:  2    Str:  5    XL:     3   Next: 98%
Magic:  8/10       EV: 13    Int: 20    God:
Gold:   82         SH:  0    Dex: 15    Spells: 4/10 levels left

rFire    . . .     SeeInvis .   f - +0 short sword
rCold    . . .     Faith    .   (no shield)
rNeg     . . .     Spirit   .   a - +0 robe
rPois    .         Reflect  .   (no helmet)
rElec    .         Harm     .   (no cloak)
rCorr    .         Rampage  .   (no gloves)
Will     +....                  (no boots)
Stlth    ++........             (no amulet)
HPRegen  0.06/turn              h - ring of willpower
MPRegen  0.12/turn              (no ring)

@: no status effects
A: no striking features
a: no special abilities


You were on level 3 of the Dungeon.
You visited 1 branch of the dungeon, and saw 3 of its levels.

You collected 82 gold pieces.

Inventory:

Hand Weapons
 f - a +0 short sword (weapon)
Armour
 a - a +0 robe (worn)
Magical Staves
 b - a staff of conjuration
Jewellery
 h - a ring of willpower (left hand)
Scrolls
 c - a scroll of fear {unknown}
 e - 2 scrolls of identify {unknown}
 i - a scroll of brand weapon {unknown}
 j - a scroll of blinking {unknown}
 k - a scroll of magic mapping {unknown}
 l - a scroll of teleportation {unknown}
 m - a scroll of acquirement {unknown}
Potions
 d - 2 potions of curing
 g - a potion of lignification {unknown}


   Skills:
 + Level 2.7 Dodging
 + Level 2.9 Stealth
 + Level 4.2 Spellcasting
 + Level 5.2 Summonings


You had 4 spell levels left.
You knew the following spells:

 Your Spells              Type           Power      Damage    Failure   Level
a - Summon Small Mammal   Summ           100%       N/A       1%          1
b - Call Imp              Summ           25%        N/A       2%          2
c - Summon Guardian Gole  Hex/Summ       14%        N/A       13%         3

Your spell library contained the following spells:

 Spells                   Type           Power      Damage    Failure   Level
 Call Canine Familiar     Summ           25%        N/A       4%          3
 Summon Lightning Spire   Summ/Air       14%        N/A       38%         4


Dungeon Overview and Level Annotations

Branches:
Dungeon (3/15)

Altars:
Dithmenos
Qazlal
Xom

Shops:
D:2 (   D:3 =


Message History

Your shadow imp gestures at the adder.
The adder writhes in agony.
The adder closely misses you.
Your shadow imp closely misses the adder.
You barely miss the adder.
The adder is heavily wounded.
You feel sick. The adder barely misses you.
Your white imp gestures at the adder.
The puff of frost hits the adder!
The adder dies!
It was a potion of curing.
You feel better.
Your white imp disappears in a puff of smoke!
Your crimson imp blinks!
Your crimson imp disappears in a puff of smoke!
Your shadow imp disappears in a puff of smoke!
An orc priest comes into view. It is wielding a +0 club.
The orc priest shouts!
The orc priest calls down the wrath of Beogh upon you.
Beogh smites you!
Ouch! That really hurt!
* * * LOW HITPOINT WARNING * * *
The orc priest shouts!
Found a stone staircase leading down.
There is a stone staircase leading down here.
Casting: Call Imp (safe; 2% risk of failure)
Confirm with . or Enter, or press ? or * to list all spells.
A beastly little devil appears in a puff of flame.
Your crimson imp blinks!
The orc priest looks satisfied for a moment.
Your crimson imp blinks!
Things that are here:
a +0 dagger; a goblin skeleton Your crimson imp blinks!
Casting: Call Imp (safe; 2% risk of failure)
Confirm with . or Enter, or press ? or * to list all spells.
A beastly little devil appears in a puff of flame.
Your crimson imp blinks!
The orc priest calls down the wrath of Beogh upon you.
Beogh smites you!
Ouch! That really hurt!
You die...

#_##.#.#.......##.# #.# #..##.
...###.#..........# #.#####..###
#'####........o##.# #..>.o..o...
..(#.##...÷.......####..#.##.####
.⌠.†._##.)...####..o....#.##.####
...#.##..##### #.#####.#........
#5####...# #.# #.####.##..
...###.##########.# #.# #.##..
#.##.#.5.o..§...@.# #.. ......
#.##.############5# ### #.....
#..#..### #.# ####.. #..5....#
#.# #.. #####.#.#########.# ###
#.....5....##.# #...######....#
#...# ####.#..#
#####...###......###


You could see an orc priest (ally target) and a friendly crimson imp (summoned).

Vanquished Creatures
  A bat (D:1)
  An endoplasm (D:2)
  A hobgoblin (D:1)
3 creatures vanquished.

Vanquished Creatures (collateral kills)
  An iguana (D:3)
  4 adders
  A dart slug (D:1)
  2 orcs (D:3)
  3 ball pythons
  5 endoplasms
  A giant cockroach (D:1)
  3 goblins
  3 hobgoblins
  7 jackals
  3 quokkas
  A bat (D:1)
  2 frilled lizards
  5 kobolds
  3 rats
44 creatures vanquished.

Grand Total: 47 creatures vanquished

Notes
Turn   | Place    | Note
-------+----------+-------------------------------------------
     0 | D:1      | butteredtoast the Deep Elf Summoner began the quest for the
                  | Orb.
     0 | D:1      | Reached XP level 1. HP: 10/10 MP: 6/6
   877 | D:1      | Reached XP level 2. HP: 3/15 MP: 1/8
  1715 | D:2      | Learned a level 2 spell: Call Imp
  1871 | D:2      | Found Sean's Antique Weapon Shop.
  3008 | D:3      | Reached XP level 3. HP: 19/19 MP: 5/10
  3012 | D:3      | Learned a level 3 spell: Summon Guardian Golem
  3070 | D:3      | Found Worchaum's Jewellery Shop.
  3147 | D:3      | Reached skill level 5 in Summonings
  3451 | D:3      | Found a shadowy altar of Dithmenos.
  3458 | D:3      | Found a shimmering altar of Xom.
  3461 | D:3      | Found a stormy altar of Qazlal.
  3809 | D:3      | Killed from afar by an orc priest

Illustrated notes

Levels and vault maps discovered:
D:1:      ncdulo_smallfort, layout_loops_ring, minmay_splitting_lines,
          minmay_liquid_box
D:2:      layout_loops_corners, serial_glass, glass_columns_b, glass_columns_a,
          serial_shops, nicolae_shop_temple_entry_statues_fountains
D:3:      layout_loops_ring, lemuel_tele_altar, grunt_temple_overflow_diamond,
          serial_shops, nicolae_shop_waterfront

Skill      XL: |  1  2  3 |
---------------+----------+-----
Summonings     | 5 |  5.2
Spellcasting   | 4 |  4.2
Dodging        | |  2.7
Stealth        | |  2.9

Action                   || total
-------------------------++-------
Melee: Unarmed           ||     8
       Short sword       ||    29
 Cast: Summon Small Mamm ||    39
       Call Imp          ||    37
       Summon Guardian G ||     1
  Use: Potion            ||     1
 Stab: Sleeping          ||     1
       Distracted        ||     2
Armor: Robe              ||    13
Dodge: Dodged            ||    53
